 Dungeon Crawl Stone Soup version 0.26-a0-683-g5206c1d7ac (webtiles) character file.

Game seed: 13762325932635024704

154 grandjackal the Skirmisher (level 5, -3/43 HPs)
             Began as a Demonspawn Monk on Oct 22, 2020.
             Was a Believer of Nemelex Xobeh.
             Slain by Pikel
             ... wielding a +2 whip of electrocution
              (4 damage)
             ... on level 4 of the Dungeon.
             The game lasted 00:03:26 (3113 turns).

grandjackal the Skirmisher (Demonspawn Monk)        Turns: 3113, Time: 00:03:27

Health: -3/43      AC:  7    Str: 18    XL:     5   Next: 13%
Magic:  5/5        EV: 13    Int: 11    God:    Nemelex Xobeh [**....]
Gold:   139        SH:  0    Dex: 16    Spells: 4/4 levels left

rFire    . . .     SeeInvis +   s - +2 flail (protect)
rCold    . . .     Faith    .   (no shield)
rNeg     . . .     Spirit   .   p - +0 ring mail
rPois    .         Reflect  .   c - +0 helmet (curse)
rElec    .         Harm     .   (no cloak)
rCorr    .         Rampage  .   (no gloves)
MR       .....     Clarity  +   (no boots)
Stlth    +.........             b - amulet of regeneration
HPRegen  0.00/turn              a - ring of see invisible
MPRegen  0.09/turn              u - +6 ring of strength

@: no status effects
A: hooves 2, rugged brown scales 1, clarity, mutation resistance 1, inhibited
regeneration
a: Draw Escape, Draw Destruction, Draw Summoning, Renounce Religion


You were on level 4 of the Dungeon.
You worshipped Nemelex Xobeh.
Nemelex Xobeh was pleased with you.
You visited 1 branch of the dungeon, and saw 4 of its levels.

You collected 139 gold pieces.

Inventory:

Hand Weapons
 s - a +2 flail of protection (weapon)
 w - a +0 war axe
Armour
 c - a cursed +0 helmet (worn)
 f - a +0 scale mail
 p - a +0 ring mail (worn)
 q - a +1 helmet
Jewellery
 a - a ring of see invisible (left hand)
 b - an amulet of regeneration (around neck)
 u - a +6 ring of strength (right hand)
Scrolls
 g - a scroll of immolation {unknown}
 h - a scroll of random uselessness {unknown}
 i - 7 scrolls of identify {unknown}
 k - 2 scrolls of fear {unknown}
 l - a scroll of magic mapping {unknown}
 n - 4 scrolls of remove curse {unknown}
 r - a scroll of teleportation {unknown}
 v - a scroll of blinking {unknown}
Potions
 e - a potion of invisibility {unknown}
 j - 4 potions of magic {unknown}
 m - a potion of might {unknown}
 o - a potion of heal wounds {unknown}
 t - a potion of haste {unknown}


   Skills:
 + Level 3.8 Fighting
 + Level 3.5 Axes
 + Level 2.0 Armour
 + Level 3.5 Dodging
 - Level 1.7 Stealth
 + Level 0.1 Invocations


You had 4 spell levels left.
You didn't know any spells.
Your spell library was empty.

Dungeon Overview and Level Annotations

Branches:
Dungeon (4/15)
 Temple: D:4-7

Altars:
Nemelex Xobeh

Annotations:
D:4 Pikel


Innate Abilities, Weirdness & Mutations

You have hoof-like feet.
You are partially covered in rugged brown scales. (AC +1, +3% HP)
You possess an exceptional clarity of mind.
You are somewhat resistant to further mutation.
You do not regenerate when monsters are visible.


Message History

You are electrocuted!!
* * * LOW HITPOINT WARNING * * *
It was a potion of mutation.
You feel extremely strange.
Your thoughts seem clearer.
Your regeneration stops near monsters.
You feel genetically stable. Pikel hits you but does no damage.
You are electrocuted!
* * * LOW HITPOINT WARNING * * *
You draw a card...
You have drawn Wild Magic.
Pikel has an odd expression for a moment.
The lemure's body is flooded with distortional energies.
The lemure twists and deforms.
You feel a surge of magic. Pikel barely misses you.
You draw a card...
You have drawn Pain.
Press: ? - help, Shift-Dir - straight line, f - Pikel
Aim: Pikel, wielding a +2 whip of electrocution and wearing a +0 robe (heavily wounded) Pikel convulses!
Pikel hits you with a +2 whip of electrocution.
You die...
Your body disappears without a glow.

.## ..# #.# #...
#.#### #..# #....
...# #..# ..#
###(.# ..#
###....#### #.#
#.).##>@K5#
#.######.#######.#
###.#......# ...
......###### ..##
.#.#### .5. ##.#
K[.. ..# .....
#### ...!..


You could see Pikel and a lemure (misshapen).

Vanquished Creatures
  A lemure (D:4)
  Jessica (D:3)
  5 adders
  2 oozes (D:1)
  2 dart slugs
  2 leopard geckos
  5 orcs (D:3)
  A giant cockroach (D:1)
  6 goblins
  4 hobgoblins
  8 jackals
  7 bats
  4 frilled lizards
  A giant cockroach zombie (D:2)
  9 kobolds
  8 rats
66 creatures vanquished.

Notes
Turn   | Place    | Note
-------+----------+-------------------------------------------
     0 | D:1      | grandjackal the Demonspawn Monk began the quest for the
                  | Orb.
     0 | D:1      | Reached XP level 1. HP: 18/18 MP: 1/1
   284 | D:1      | Gained mutation: You have large cloven feet. [demonic
                  | ancestry]
   284 | D:1      | Reached XP level 2. HP: 19/24 MP: 2/2
   485 | D:1      | Reached skill level 1 in Armour
   514 | D:1      | Gained mutation: You have hoof-like feet. [demonic
                  | ancestry]
   514 | D:1      | Reached XP level 3. HP: 28/29 MP: 3/3
  1409 | D:2      | Gained mutation: You are partially covered in rugged brown
                  | scales. (AC +1, +3% HP) [demonic ancestry]
  1409 | D:2      | Reached XP level 4. HP: 16/36 MP: 4/4
  1675 | D:2      | Found a faded altar of an unknown god.
  2609 | D:3      | Noticed Jessica
  2618 | D:3      | Killed Jessica
  2618 | D:3      | Reached XP level 5. HP: 28/43 MP: 5/5
  2710 | D:3      | Found a sparkling altar of Nemelex Xobeh.
  2718 | D:3      | Became a worshipper of Nemelex Xobeh the Trickster
  2718 | D:3      | Reached * piety under Nemelex Xobeh
  2718 | D:3      | Received a gift from Nemelex Xobeh
  2718 | D:3      | Reached ** piety under Nemelex Xobeh
  3100 | D:4      | Noticed a lemure
  3100 | D:4      | Noticed a lemure
  3100 | D:4      | Noticed Pikel
  3106 | D:4      | Killed a lemure
  3111 | D:4      | Gained mutation: You possess an exceptional clarity of
                  | mind. [potion of mutation]
  3111 | D:4      | Gained mutation: You do not regenerate when monsters are
                  | visible. [potion of mutation]
  3111 | D:4      | Gained mutation: You are somewhat resistant to further
                  | mutation. [potion of mutation]
  3111 | D:4      | HP: 1/43 [Pikel/+2 whip of electrocution (10)]
  3113 | D:4      | Slain by Pikel

Illustrated notes

Levels and vault maps discovered:
D:1:      lordsloth_arrival_two_stooges, layout_loops_ring
D:2:      layout_basic, chequers_ecumenical_altar_simple
D:3:      layout_loops_cross, lemuel_coloured_pillars_altar, minivault_23,
          wad_orctagon, uniq_jessica
D:4:      layout_rooms, minmay_temple_entry_statues_fountains, uniq_eustachio,
          uniq_pikel, uniq_robin

Skill      XL: |  1  2  3  4  5 |
---------------+----------------+-----
Axes           | 3 |  3.5
Armour         | 1 2 |  2.0
Dodging        | 3 |  3.5
Fighting       | |  3.8
Stealth        | |  1.7
Invocations    | |  0.1

Action                   |  1- 3 |  4- 6 || total
-------------------------+-------+-------++-------
Melee: Hand axe          |   103 |    63 ||   166
       Kick              |    19 |    19 ||    38
       Flail             |       |    21 ||    21
Invok: Draw Destruction  |       |     2 ||     2
  Use: Potion            |       |     1 ||     1
 Stab: Sleeping          |     6 |       ||     6
Armor: Robe              |    15 |     2 ||    17
       Ring mail         |       |    21 ||    21
Dodge: Dodged            |    78 |    58 ||   136

Table legend: (Time is in decaauts)
 A = Elapsed time spent in this place.
 B = Non-inter-level travel time spent in this place.
 C = Inter-level travel time spent in this place.
 D = Time resting spent in this place.
 E = Time spent auto-exploring this place.
 F = Levels seen in this place.
 G = Mean time per level.
                   A        B        C        D        E       F      G
               +--------+--------+--------+--------+--------+-----+--------+
         Total |   3142 |   2994 |    148 |    484 |   1983 |   4 |  785.5 |
       Dungeon |   3142 |   2994 |    148 |    484 |   1983 |   4 |  785.5 |
               +--------+--------+--------+--------+--------+-----+--------+

Top non-repeatable levels by time:
     D:1: 1089 daAuts
     D:2: 1050 daAuts
     D:3: 955 daAuts
     D:4: 46 daAuts
